 Dungeon Crawl Stone Soup version 0.30-a0-373-gd37427bb62 (webtiles) character file.

Game seed: 15247344724612963446

75 bande the Trooper (level 4, -1/29 HPs)
             Began as a Gargoyle Fighter on Nov 24, 2022.
             Slain by a gnoll
             ... wielding a +0 halberd
              (8 damage)
             ... on level 2 of the Dungeon.
             The game lasted 00:02:14 (1475 turns).

bande the Trooper (Gargoyle Fighter)                Turns: 1475, Time: 00:02:14

Health: -1/29      AC: 10    Str: 20    XL:     4   Next: 31%
Magic:  4/4        EV:  9    Int:  8    God:
Gold:   55         SH:  4    Dex: 11    Spells: 3/3 levels left

rFire   . . .      SeeInvis .    a - +0 war axe
rCold   + . .      Faith    .    c - +0 buckler
rNeg    + + .      Spirit   .    b - +0 scale mail
rPois   ∞          Reflect  .    (no helmet)
rElec   +          Harm     .    (no cloak)
rCorr   .          Rampage  .    (no gloves)
Will    .....                    (no boots)
Stlth   ..........               (no amulet)
HPRegen 0.24/turn                i - ring of positive energy
MPRegen 0.09/turn                o - ring of protection from cold

@: no status effects
A: sickness immunity, AC +3, negative energy resistance 1, electricity
resistance, torment resistance 1, petrification resistance
a: no special abilities


You were on level 2 of the Dungeon.
You visited 1 branch of the dungeon, and saw 3 of its levels.

You collected 55 gold pieces.

Inventory:

Hand Weapons
 a - a +0 war axe (weapon)
Armour
 b - a +0 scale mail (worn)
 c - a +0 buckler (worn)
Jewellery
 i - a ring of positive energy (left hand)
 o - a ring of protection from cold (right hand)
Scrolls
 e - 2 scrolls of identify {unknown}
 f - a scroll of noise {unknown}
 g - a scroll of magic mapping {unknown}
 j - a scroll of poison {unknown}
 l - 3 scrolls of teleportation {unknown}
 m - a scroll of amnesia {unknown}
 n - a scroll of summoning {unknown}
 p - a scroll of immolation {unknown}
Potions
 d - 2 potions of might
 h - a potion of heal wounds
 k - a potion of curing {unknown}


   Skills:
 + Level 3.9 Fighting
 + Level 2.8 Axes
 + Level 3.9 Armour
 + Level 3.6 Shields


You had 3 spell levels left.
You didn't know any spells.
Your spell library was empty.

Dungeon Overview and Level Annotations

Branches:
Dungeon (3/15)

Altars:


Innate Abilities, Weirdness & Mutations

You are immune to sickness and miasma.
Your stone body is resilient. (AC +3)
You are immune to poison.
You resist negative energy. (rN+)
You are resistant to electric shocks. (rElec)
You are resistant to unholy torment.
You are immune to petrification.


Message History

The frilled lizard hisses angrily.
The gnoll shouts! 2 gnolls come into view.
Found a silver ring.
The gnoll shouts!
The gnoll closely misses you. The frilled lizard misses you.
You hit the gnoll.
The gnoll is moderately wounded.
You hit the frilled lizard but do no damage.
The frilled lizard bites you but does no damage.
You barely miss the gnoll. You completely miss the frilled lizard.
The gnoll hits you but does no damage. The frilled lizard misses you.
The gnoll hits you but does no damage.
You hit the gnoll.
The gnoll is moderately wounded.
You closely miss the frilled lizard. The gnoll barely misses you.
The gnoll closely misses you. The frilled lizard barely misses you.
The gnoll hits you from afar with a +0 spear.
The frilled lizard bites you but does no damage.
The gnoll barely misses you. You block the gnoll's attack.
The gnoll hits you from afar with a +0 halberd.
You slash the gnoll!
The gnoll is almost dead.
You barely miss the frilled lizard. You block the gnoll's attack.
The gnoll hits you from afar with a +0 halberd.
The frilled lizard bites you. The gnoll hits you but does no damage.
You barely miss the gnoll.
The gnoll is almost dead.
You miss the frilled lizard. The gnoll hits you with a +0 flail.
The gnoll closely misses you.
The frilled lizard bites you but does no damage.
The gnoll hits you from afar with a +0 spear.
The frilled lizard closely misses you.
The gnoll hits you but does no damage. x2
The gnoll hits you from afar with a +0 halberd.
* * * LOW HITPOINT WARNING * * *
You slash the gnoll!
You kill the gnoll!
You closely miss the frilled lizard. The gnoll hits you but does no damage.
The frilled lizard closely misses you.
The gnoll hits you from afar with a +0 halberd!
You die...

....# #.###### ....#
#######.# ....#
#.....†.# ....#
#.......# ....##
#.......#########
.....###................
......#####.##..........
#####..#.....#..........
##...##. #..@.......
##......#.l).g♣....
#..##+#...g♣[♣...
>........♣._.♣..
..........♣.♣..
......=.. ♣....
###.###.. ...# #.# ##.#
#.


You could see 2 gnolls and a frilled lizard.

Vanquished Creatures
  Terence (D:3)
  A gnoll (D:2)
  A worm (D:3)
  A dart slug (D:1)
  7 ball pythons
  3 endoplasms
  2 giant cockroaches (D:1)
  5 goblins
  3 hobgoblins
  A kobold (D:2)
  2 quokkas (D:1)
  7 bats
  4 frilled lizards
  5 rats
43 creatures vanquished.

Notes
Turn   | Place    | Note
-------+----------+-------------------------------------------
     0 | D:1      | bande the Gargoyle Fighter began the quest for the Orb.
     0 | D:1      | Reached XP level 1. HP: 14/14 MP: 1/1
   171 | D:1      | Reached XP level 2. HP: 19/19 MP: 2/2
   495 | D:1      | Reached XP level 3. HP: 24/24 MP: 3/3
   905 | D:2      | You fall into a shaft and drop 1 floor!
  1001 | D:3      | Noticed Terence
  1013 | D:3      | HP: 1/24 [Terence/+0 falchion (2)]
  1027 | D:3      | HP: 1/24 [Terence/+0 falchion (6)]
  1029 | D:3      | Killed Terence
  1030 | D:3      | Reached XP level 4. HP: 2/29 MP: 4/4
  1465 | D:2      | Found a faded altar of an unknown god.
  1475 | D:2      | Slain by a gnoll

Illustrated notes

Levels and vault maps discovered:
D:1:      dpeg_chamrin_arrival_tetris, layout_loops_ring
D:2:      layout_basic, chequers_ecumenical_altar_simple_redux
D:3:      minmay_angry_zag, layout_basic,
          nicolae_concentric_dashed_squares_mild, grunt_decor_clamped,
          minmay_misc_feat_rows, uniq_robin, uniq_grinder, uniq_natasha,
          uniq_sigmund, uniq_terence

Skill      XL: |  1  2 |
---------------+-------+-----
Axes           | 2 |  2.8
Fighting       | |  3.9
Armour         | |  3.9
Shields        | |  3.6

Action                   |  1- 3 |  4- 6 || total
-------------------------+-------+-------++-------
Melee: War axe           |   115 |    21 ||   136
  Use: Potion            |     1 |       ||     1
Armor: Scale mail        |    60 |    17 ||    77
Dodge: Dodged            |    68 |    16 ||    84
Block: Buckler           |    26 |     5 ||    31

Table legend: (Time is in decaauts)
 A = Elapsed time spent in this place.
 B = Non-inter-level travel time spent in this place.
 C = Inter-level travel time spent in this place.
 D = Time resting spent in this place.
 E = Time spent auto-exploring this place.
 F = Levels seen in this place.
 G = Mean time per level.
                   A        B        C        D        E       F      G
               +--------+--------+--------+--------+--------+-----+--------+
         Total |   1531 |   1512 |     19 |    312 |    852 |   3 |  510.3 |
       Dungeon |   1531 |   1512 |     19 |    312 |    852 |   3 |  510.3 |
               +--------+--------+--------+--------+--------+-----+--------+

Top non-repeatable levels by time:
     D:1: 791 daAuts
     D:3: 470 daAuts
     D:2: 268 daAuts
